 Dungeon Crawl Stone Soup version 0.30.1-11-g7821555f0a (webtiles) character file.

Game seed: 2280828040843284860

130 KittyFluff the Cudgeller (level 5, -2/33 HPs)
             Began as a Gargoyle Berserker on Nov 1, 2023.
             Was a Believer of Trog.
             Slain by an orc wizard
             ... wielding a +2 dagger of venom
              (4 damage)
             ... on level 4 of the Dungeon.
             The game lasted 00:11:52 (3253 turns).

KittyFluff the Cudgeller (Gargoyle Berserker)       Turns: 3253, Time: 00:11:53

Health: -2/33      AC: 11    Str: 23    XL:     5   Next: 13%
Magic:  5/5        EV: 12    Int:  7    God:    Trog [**....]
Gold:   95         SH:  0    Dex:  9    Spells: 4/4 levels left

rFire   . . .        a - +0 mace
rCold   . . .        (no shield)
rNeg    + . .        b - +0 animal skin
rPois   ∞            v - +2 hat
rElec   +            s - +0 cloak
rCorr   +            m - +0 pair of gloves
SInv    .            B - +0 pair of boots
Will    .....        (no amulet)
Stlth   +            j - ring of resist corrosion
HPRegen 0.25/turn    u - ring of flight
MPRegen 0.09/turn

%: no passive effects
@: on berserk cooldown, flying, slowed, very slow
A: sickness immunity, AC +4, negative energy resistance 1, electricity
resistance, torment resistance 1, petrification resistance
a: Renounce Religion, Berserk, Trog's Hand


You were on level 4 of the Dungeon.
You worshipped Trog.
Trog was pleased with you.
You visited 1 branch of the dungeon, and saw 4 of its levels.

You collected 95 gold pieces.

Inventory:

Hand Weapons
 a - a +0 mace (weapon)
 l - a +0 sling
 p - a +0 arbalest
Missiles
 g - 6 javelins (quivered)
 r - 7 poisoned darts
Armour
 b - a +0 animal skin (worn)
 m - a +0 pair of gloves (worn)
 s - a +0 cloak (worn)
 v - a +2 hat (worn)
 y - a +0 ring mail of fire resistance
 B - a +0 pair of boots (worn)
Jewellery
 j - a ring of resist corrosion (left hand)
 u - a ring of flight (right hand)
 w - an amulet of faith
 C - a +6 ring of dexterity
Scrolls
 d - 2 scrolls of amnesia {unknown}
 e - 3 scrolls of identify {unknown}
 h - 3 scrolls of enchant armour {unknown}
 i - 2 scrolls of magic mapping {unknown}
 k - 3 scrolls of noise {unknown}
 o - a scroll of brand weapon {unknown}
 t - a scroll of enchant weapon {unknown}
 A - 2 scrolls of teleportation {unknown}
 D - a scroll of torment {unknown}
Potions
 c - a potion of resistance {unknown}
 f - 2 potions of heal wounds {unknown}
 n - 2 potions of haste {unknown}
 q - 2 potions of curing
 x - a potion of degeneration {unknown}
 z - a potion of lignification {unknown}


   Skills:
 + Level 3.9 Fighting
 * Level 4.1 Maces & Flails
 * Level 3.6 Armour
 + Level 2.2 Dodging


You had 4 spell levels left.
You didn't know any spells.
Your spell library was empty.

Dungeon Overview and Level Annotations

Branches:
Dungeon (4/15)
 Temple: D:4-7

Altars:
Hepliaklqana
Uskayaw

Shops:
D:1 (


Innate Abilities, Weirdness & Mutations

You are immune to sickness and miasma.
Your stone body is resilient. (AC +4)
You are immune to poison.
You resist negative energy. (rN+)
You are resistant to electric shocks. (rElec)
You are resistant to unholy torment.
You are immune to petrification.


Message History

You feel a strong urge to attack something.
Something hits you.
* * * LOW HITPOINT WARNING * * *
You are no longer berserk.
You are exhausted.
You feel yourself slow down.
An orc wizard appears from thin air!
Reactivating autopickup.
The orc wizard hits you but does no damage.
The orc wizard misses you.
The orc wizard gestures at you while chanting.
You resist with some effort.
You feel less confused.
The orc wizard gestures at you while chanting.
The puff of flame hits you.
* * * LOW HITPOINT WARNING * * *
The orc wizard hits you but does no damage.
You closely miss the orc wizard. The orc wizard misses you.
The orc wizard barely misses you.
You hit the orc wizard but do no damage.
The orc wizard points at you and mumbles some strange words.
The magic dart hits you but does no damage.
The orc wizard completely misses you.
You hit the orc wizard.
The orc wizard is moderately wounded.
The orc wizard casts a spell at you. You resist with some effort.
You completely miss the orc wizard.
The orc wizard is moderately wounded.
The orc wizard points at you and mumbles some strange words.
The magic dart hits you.
* * * LOW HITPOINT WARNING * * *
The orc wizard mumbles some strange words.
The orc wizard flickers and vanishes!
Deactivating autopickup; reactivate with Ctrl-A.
You closely miss something.
You hear some strange, mumbled words.
Something tries to affect you, but you resist.
Something hits you.
You die...

##..#.....# ....
... ##..#.....#
...#####'##
.#..#.....#
.........#
.#..+.....#
#.......#
.'..#.....#
#.......#
##'##.....#
#.......#
..........#
######)......#
..........#
#..)..####.......
..........# #.@{).#
...o... ..........#
#.....# .......
##'##....>#
#.....#. .......
....#.....#
#.....#..##########
....#.....#
#.....#............
....'.....# #.....#
#........
#####.....# #.....#
##..##....
..........# #.....#
#...######
..........# #.....#
#....<....


There were no monsters in sight!

Vanquished Creatures
  2 orc wizards
  2 adders
  An ufetubus (D:3)
  2 dart slugs
  8 orcs
  2 bats (D:2)
  4 endoplasms
  A giant cockroach (D:4)
  3 goblins
  4 hobgoblins
  3 quokkas
  5 ball pythons
  2 frilled lizards (D:2)
  2 kobolds
  4 rats
45 creatures vanquished.

Notes
Turn   | Place    | Note
-------+----------+-------------------------------------------
     0 | D:1      | KittyFluff the Gargoyle Berserker began the quest for the
                  | Orb.
     0 | D:1      | Reached XP level 1. HP: 14/14 MP: 1/1
    33 | D:1      | Found Qosu's Antique Weapon Boutique.
   372 | D:1      | Reached XP level 2. HP: 14/19 MP: 2/2
   637 | D:1      | Found a faded altar of an unknown god.
  1235 | D:2      | Reached XP level 3. HP: 19/23 MP: 3/3
  1489 | D:3      | Found a hazy altar of Hepliaklqana.
  1644 | D:3      | Reached XP level 4. HP: 22/29 MP: 4/4
  2025 | D:3      | Found a hide-covered altar of Uskayaw.
  2026 | D:3      | Noticed a +0 dagger
  2026 | D:3      | Noticed a +0 hand axe
  2067 | D:3      | Reached ** piety under Trog
  3239 | D:4      | Reached skill level 4 in Maces & Flails
  3239 | D:4      | Reached XP level 5. HP: 10/33 MP: 5/5
  3253 | D:4      | Slain by an orc wizard

Illustrated notes

Levels and vault maps discovered:
D:1:      minmay_arrival_checkered_box, layout_basic, serial_shops,
          nicolae_shop_waterfront, shapermc_ecumenical_altar_rom_forum
D:2:      layout_basic
D:3:      wander_river, layout_loops_ring, overflow_temple_1_default,
          dancing_weapons_uskayaw
D:4:      layout_gridville

Skill      XL: |  1  2  3  4 |
---------------+-------------+-----
Armour         | 3 |  3.6
Dodging        | 2 |  2.2
Maces & Flails | 4 |  4.1
Fighting       | |  3.9

Action                     |  1- 3 |  4- 6 || total
---------------------------+-------+-------++-------
  Melee: Mace              |    92 |    77 ||   169
         Punch             |       |     1 ||     1
 Invoke: Berserk           |     1 |     1 ||     2
 Armour: Animal skin       |    33 |    46 ||    79
  Dodge: Dodged            |    52 |    41 ||    93
